 Dungeon Crawl Stone Soup version 0.29-a0-617-g7a6b98fccd (webtiles) character file.

Game seed: 32721905138051741

403 IdlyInterested the Ducker (level 6, -5/44 HPs)
             Began as a Demonspawn Gladiator on June 17, 2022.
             Slain by an ogre
             ... wielding a +0 giant spiked club
              (25 damage)
             ... on level 5 of the Dungeon.
             The game lasted 00:08:34 (3800 turns).

IdlyInterested the Ducker (Demonspawn Gladiator)    Turns: 3800, Time: 00:08:34

Health: -5/44      AC:  7    Str: 14    XL:     6   Next: 55%
Magic:  6/6        EV: 11    Int: 10    God:
Gold:   190        SH:  9    Dex: 16    Spells: 5/5 levels left

rFire   . . .      SeeInvis +   a - +1 trident (elec)
rCold   . . .      Faith    .   (no shield)
rNeg    . . .      Spirit   .   o - +1 scale mail
rPois   .          Reflect  +   (helmet restricted)
rElec   .          Harm     .   (no cloak)
rCorr   .          Rampage  .   (no gloves)
Will    .....                   (no boots)
Stlth   +.........              r - amulet of reflection
HPRegen 0.14/turn               l - ring of see invisible
MPRegen 0.10/turn               (no ring)

@: no status effects
A: antennae 1, powered by death 1, condensation shield
a: no special abilities


You were on level 5 of the Dungeon.
You visited 1 branch of the dungeon, and saw 5 of its levels.

You collected 190 gold pieces.

Inventory:

Hand Weapons
 a - a +1 trident of electrocution (weapon)
 c - a +2 morningstar of draining
 e - a +0 halberd
Missiles
 d - 3 throwing nets
 g - 118 stones (quivered)
 h - 2 boomerangs
 q - a poisoned dart
 s - a javelin
Armour
 b - a +0 leather armour
 o - a +1 scale mail (worn)
Jewellery
 l - a ring of see invisible (left hand)
 r - an amulet of reflection (around neck)
Wands
 p - a wand of iceblast (3)
Scrolls
 f - 4 scrolls of fear
 i - a scroll of enchant weapon
 m - 6 scrolls of teleportation
 t - a scroll of identify
Potions
 k - 2 potions of resistance
 n - a potion of flight
 u - a potion of heal wounds


   Skills:
 - Level 2.0 Fighting
 * Level 4.3 Polearms
 - Level 1.7 Throwing
 - Level 2.0 Armour
 * Level 4.6 Dodging
 - Level 2.0 Stealth
 * Level 1.6 Evocations


You had 5 spell levels left.
You didn't know any spells.
Your spell library contained the following spells:

 Spells                   Type           Power      Damage    Failure   Level
 Sublimation of Blood     Necr           0%         N/A       94%         2
 Dazzling Flash           Conj/Hex       0%         N/A       99%         3
 Ignite Poison            Fire/Tmut/Pois 0%         N/A       99%         3
 Mephitic Cloud           Conj/Pois/Air  0%         N/A       99%         3
 Animate Dead             Necr           0%         N/A       100%        4
 Iskenderun's Mystic Bla  Conj/Tloc      0%         2d3       100%        4
 Petrify                  Tmut/Erth      0%         N/A       100%        4
 Freezing Cloud           Conj/Ice/Air   0%         6-21      100%        5
 Irradiate                Conj/Tmut      0%         3d13      100%        5
 Summon Forest            Summ/Tloc      0%         N/A       100%        5
 Summon Mana Viper        Hex/Summ       0%         N/A       100%        5
 Starburst                Conj/Fire      0%         6d3       100%        6
 Summon Cactus Giant      Summ           0%         N/A       100%        6
 Ozocubu's Refrigeration  Ice            0%         4d5       100%        7
 Polar Vortex             Ice            0%         N/A       100%        9


Dungeon Overview and Level Annotations

Branches:
Dungeon (5/15)
 Temple: D:4-7

Altars:

Shops:
D:3 [


Innate Abilities, Weirdness & Mutations

You have a pair of small antennae on your head.
You regenerate a little health from kills.
A meltable shield of frost defends you. (SH +4)


Message History

The ogre is poisoned.
Throw: 3 darts (poison)
Press: ? - help, Shift-Dir - straight line, f/p - ogre
Aim: an ogre, wielding a +0 giant spiked club (lightly wounded, poisoned, 75% to hit)
You throw a poisoned dart. The poisoned dart hits the ogre.
The ogre looks even sicker.
The ogre is lightly wounded.
Throw: 120 stones
Press: ? - help, Q - select action, (/) - cycle Shift-Dir - straight line, f/p - ogre
Aim: an ogre, wielding a +0 giant spiked club (lightly wounded, very poisoned, 75% to hit)
You throw a stone. The stone hits the ogre.
The ogre is lightly wounded.
A water moccasin comes into view.
Throw: 119 stones
Press: ? - help, Q - select action, (/) - cycle Shift-Dir - straight line, f/p - ogre
Aim: an ogre, wielding a +0 giant spiked club (lightly wounded, very poisoned, 75% to hit)
You throw a stone. The stone barely misses the ogre.
The water moccasin hisses angrily.
Throw: 2 darts (poison)
Press: ? - help, Shift-Dir - straight line, f - water moccasin, p - ogre
Aim: a water moccasin (42% to hit)
You throw a poisoned dart.
The poisoned dart closely misses the water moccasin.
An ogre comes into view. It is wielding a +0 giant spiked club.
The ogre shouts!
You hit the ogre. Lightning courses through the ogre!
The ogre is severely wounded.
The ogre hits you with a +0 giant spiked club!!
Ouch! That really hurt!
You hit the ogre.
You kill the ogre!
You block the ogre's attack. You block the water moccasin's attack.
You closely miss the ogre. You block the ogre's attack.
The water moccasin bites you but does no damage.
You puncture the ogre! Lightning courses through the ogre!
The ogre is severely wounded.
The water moccasin bites you.
The ogre hits you with a +0 giant spiked club!!
Ouch! That really hurt!
You die...

#### #...##
...... ....#.#
.......########
.......<......#
.....S..##..><.
(...#.#S# #.#
......#@# #...#
#O# ##.# #..
.(. .... ##
#.##. .#. .. #
. .. # ..


You could see a water moccasin and an ogre.

Vanquished Creatures
  An ogre (D:5)
  A scorpion (D:3)
  A howler monkey (D:2)
  A jelly (D:4)
  A hound (D:3)
  An iguana (D:4)
  3 gnolls (D:3)
  2 adders (D:3)
  A worm (D:3)
  4 dart slugs
  4 orcs
  9 endoplasms
  2 giant cockroaches (D:1)
  6 goblins
  5 hobgoblins
  6 jackals
  6 kobolds
  5 quokkas (D:1)
  5 ball pythons
  A bat (D:1)
  A frilled lizard (D:2)
  7 rats
73 creatures vanquished.

Notes
Turn   | Place    | Note
-------+----------+-------------------------------------------
     0 | D:1      | IdlyInterested the Demonspawn Gladiator began the quest for
                  | the Orb.
     0 | D:1      | Reached XP level 1. HP: 16/16 MP: 1/1
   166 | D:1      | Gained mutation: A meltable shield of frost defends you.
                  | (SH +4) [demonic ancestry]
   166 | D:1      | Reached XP level 2. HP: 22/22 MP: 2/2
   236 | D:1      | Reached skill level 1 in Armour
   968 | D:2      | Gained mutation: You regenerate a little health from kills.
                  | [demonic ancestry]
   968 | D:2      | Reached XP level 3. HP: 27/27 MP: 3/3
  1078 | D:2      | Reached XP level 4. HP: 24/33 MP: 4/4
  1937 | D:3      | Reached skill level 1 in Stealth
  1939 | D:3      | Gained mutation: You have a pair of small antennae on your
                  | head. [demonic ancestry]
  1939 | D:3      | Reached XP level 5. HP: 31/38 MP: 5/5
  2042 | D:3      | Got the Compendium of Evil and Snow
  2430 | D:3      | Found a faded altar of an unknown god.
  2715 | D:3      | Found Litzed's Armour Emporium.
  3133 | D:4      | Reached XP level 6. HP: 28/44 MP: 6/6
  3293 | D:4      | Reached skill level 1 in Evocations
  3788 | D:5      | Entered Level 5 of the Dungeon
  3791 | D:5      | Noticed a water moccasin
  3800 | D:5      | Slain by an ogre

Illustrated notes

Levels and vault maps discovered:
D:1:      nicolae_arrival_somewhat_less_tricky_arrival, layout_loops_ring
D:2:      layout_loops_cross, hangedman_decor_opposing
D:3:      minmay_general_purpose_star, layout_basic,
          hellmonk_ecumenical_altar_arch_garden, serial_shops,
          nicolae_shop_hallway_plus, st_stairs_9, chequers_avenue
D:4:      layout_basic
D:5:      layout_loops_cross, ebering_ghost_inner_flame, uniq_duvessa

Skill      XL: |  1  2  3  4  5  6 |
---------------+-------------------+-----
Dodging        | 3 4 |  4.6
Armour         | 1 2 |  2.0
Polearms       | 3 4 |  4.3
Stealth        | 1 2 |  2.0
Evocations     | 1 |  1.6
Fighting       | |  2.0
Throwing       | |  1.7

Action                   |  1- 3 |  4- 6 || total
-------------------------+-------+-------++-------
Melee: Trident           |    83 |   120 ||   203
       Punch             |       |     3 ||     3
Throw: Javelin           |       |     1 ||     1
       Dart              |       |     3 ||     3
       Stone             |       |     2 ||     2
  Use: Scroll            |     3 |     6 ||     9
       Potion            |     3 |       ||     3
 Stab: Sleeping          |     2 |       ||     2
Armor: Leather armour    |    22 |       ||    22
       Ring mail         |     1 |     9 ||    10
       Scale mail        |       |    22 ||    22
Dodge: Dodged            |    55 |    66 ||   121
Block: Other             |    16 |    24 ||    40

Table legend: (Time is in decaauts)
 A = Elapsed time spent in this place.
 B = Non-inter-level travel time spent in this place.
 C = Inter-level travel time spent in this place.
 D = Time resting spent in this place.
 E = Time spent auto-exploring this place.
 F = Levels seen in this place.
 G = Mean time per level.
                   A        B        C        D        E       F      G
               +--------+--------+--------+--------+--------+-----+--------+
         Total |   3825 |   3711 |    114 |    536 |   2514 |   5 |  765.0 |
       Dungeon |   3825 |   3711 |    114 |    536 |   2514 |   5 |  765.0 |
               +--------+--------+--------+--------+--------+-----+--------+

Top non-repeatable levels by time:
     D:3: 1260 daAuts
     D:1: 968 daAuts
     D:4: 954 daAuts
     D:2: 629 daAuts
     D:5: 11 daAuts
